 Dungeon Crawl Stone Soup version 0.31-a0-430-gf8416d752b (webtiles) character file.

Game seed: 11978541876642841341

176 AdnanSaban the Covered (level 5, -2/33 HPs)
             Began as a Gargoyle Fighter on July 31, 2023.
             Killed by divine providence
             ... invoked by an orc priest
              (11 damage)
             ... on level 4 of the Dungeon.
             The game lasted 00:02:10 (3038 turns).

AdnanSaban the Covered (Gargoyle Fighter)           Turns: 3038, Time: 00:02:11

Health: -2/33      AC: 11    Str: 21    XL:     5   Next: 56%
Magic:  5/5        EV:  9    Int:  9    God:
Gold:   276        SH:  4    Dex:  9    Spells: 4/4 levels left

rFire   . . .        a - +0 flail
rCold   . . .        c - +0 buckler
rNeg    + . .        b - +0 scale mail
rPois   ∞            (no helmet)
rElec   +            (no cloak)
rCorr   .            (no gloves)
SInv    .            (no boots)
Will    .....        (no amulet) Stlth
                     (no ring)
HPRegen 0.25/turn    (no ring)
MPRegen 0.09/turn

%: no passive effects
@: no status effects
A: sickness immunity, AC +4, negative energy resistance 1, electricity
resistance, torment resistance 1, petrification resistance
a: no special abilities


You were on level 4 of the Dungeon.
You visited 1 branch of the dungeon, and saw 4 of its levels.

You collected 276 gold pieces.

Inventory:

Hand Weapons
 a - a +0 flail (weapon)
Missiles
 m - a throwing net
Armour
 b - a +0 scale mail (worn)
 c - a +0 buckler (worn)
Jewellery
 f - a +6 ring of intelligence
 p - a ring of resist corrosion
 q - an amulet of magic regeneration
Wands
 r - a wand of iceblast (12)
Scrolls
 e - 5 scrolls of identify {unknown}
 g - 2 scrolls of teleportation {unknown}
 h - a scroll of noise {unknown}
 i - a scroll of amnesia {unknown}
 k - 3 scrolls of revelation {unknown}
 l - 2 scrolls of enchant weapon {unknown}
 n - 4 scrolls of fear {unknown}
 s - a scroll of torment {unknown}
Potions
 d - a potion of might
 j - a potion of enlightenment {unknown}
 o - 2 potions of brilliance {unknown}


   Skills:
 + Level 4.1 Fighting
 + Level 3.5 Maces & Flails
 + Level 4.2 Armour
 + Level 1.0 Dodging
 + Level 0.3 Stealth
 + Level 4.0 Shields


You had 4 spell levels left.
You didn't know any spells.
Your spell library contained the following spells:

 Spells                   Type           Power      Damage    Failure   Level
 Blink                    Tloc           0%         N/A       89%         2
 Manifold Assault         Tloc           0%         N/A       100%        4


Dungeon Overview and Level Annotations

Branches:
Dungeon (4/15)
 Temple: D:4-7

Altars:
Fedhas
The Shining One

Annotations:
D:4 Blork the orc


Innate Abilities, Weirdness & Mutations

You are immune to sickness and miasma.
Your stone body is resilient. (AC +4)
You are immune to poison.
You resist negative energy. (rN+)
You are resistant to electric shocks. (rElec)
You are resistant to unholy torment.
You are immune to petrification.


Message History

The orc priest is moderately wounded.
The adder bites you but does no damage. The orc priest closely misses you.
An orc comes into view. It is wielding a +0 flail.
You barely miss the orc priest.
The orc priest is moderately wounded.
The adder bites you but does no damage.
The orc priest looks satisfied for a moment.
You block the adder's attack.
You closely miss the orc priest.
The orc priest is moderately wounded.
The ogre shouts!
The orc priest invokes the aid of Beogh against you.
Beogh smites you! You block the adder's attack.
The orc priest hits you but does no damage.
You are too injured to fight recklessly!
You are too injured to fight recklessly!
You are too injured to fight recklessly!
You are too injured to fight recklessly!
You are too injured to fight recklessly!
You are too injured to fight recklessly!
You are too injured to fight recklessly!
You are too injured to fight recklessly!
You are too injured to fight recklessly!
You are too injured to fight recklessly!
You are too injured to fight recklessly!
You are too injured to fight recklessly!
You are too injured to fight recklessly!
You are too injured to fight recklessly!
You are too injured to fight recklessly!
Unknown command.
You block the adder's attack.
The orc priest hits you with a +0 hand axe.
* * * LOW HITPOINT WARNING * * *
The orc priest begins to cast a cantrip, but forgets the words!
Things that are here:
a +0 club; a ball python corpse You block the adder's attack.
The orc priest mumbles some strange prayers to Beogh against you.
Beogh smites you!
You die...

####### # ....... ..####
....... ...O..#### .......
........ ######### .......
#o..## #.......# #######
#..###.......# ##### #..
#....#.wo........# #...# #.#
#....#####S@########...###.#
.....................+........
####....########..####....####
#... ##..###....# . #...
##.......## . ....
####>.......# ######...# #..#
#.#


You could see an orc priest, an adder and a dart slug.

Vanquished Creatures
  A hound (D:4)
  2 iguanas (D:4)
  4 adders
  A dart slug (D:2)
  4 orcs (D:4)
  3 giant cockroaches
  5 hobgoblins
  3 jackals (D:1)
  3 quokkas
  6 ball pythons
  4 bats
  2 frilled lizards
  8 goblins
  3 kobolds
  2 rats
51 creatures vanquished.

Notes
Turn   | Place    | Note
-------+----------+-------------------------------------------
     0 | D:1      | AdnanSaban the Gargoyle Fighter began the quest for the
                  | Orb.
     0 | D:1      | Reached XP level 1. HP: 14/14 MP: 1/1
   355 | D:1      | Reached XP level 2. HP: 19/19 MP: 2/2
  1048 | D:2      | Identified the scarf of Least Resistance {shadows, rF+
                  | Slay+3}
  1560 | D:2      | Reached XP level 3. HP: 18/24 MP: 3/3
  1878 | D:3      | Reached XP level 4. HP: 16/29 MP: 4/4
  2439 | D:3      | Found a faded altar of an unknown god.
  2644 | D:4      | Noticed an ogre
  2645 | D:4      | Noticed Blork the orc
  2811 | D:4      | Found a blossoming altar of Fedhas.
  2822 | D:4      | Found a glowing golden altar of the Shining One.
  2879 | D:4      | Reached XP level 5. HP: 17/33 MP: 5/5
  2999 | D:4      | Reached skill level 1 in Dodging
  3038 | D:4      | Killed from afar by an orc priest

Illustrated notes

Levels and vault maps discovered:
D:1:      kilobyte_arrival_exit_the_forest, layout_basic, serial_curves,
          eino_curves_04, eino_curves_03
D:2:      layout_loops_cross, minmay_goblin_kobold_house
D:3:      layout_loops_ring, shapermc_ecumenical_altar_mp_urbaneastern,
          serial_bayou_pond_d, minivault_14, uniq_crazy_yiuf_cottage
D:4:      layout_basic, lemuel_tele_altar, mainiacjoe_overflow_alcove_2,
          grunt_ministairs_1, uniq_blork_the_orc

Skill      XL: |  1  2  3  4  5 |
---------------+----------------+-----
Fighting       | 4 |  4.1
Maces & Flails | 3 |  3.5
Armour         | 4 |  4.2
Dodging        | 1 |  1.0
Shields        | 4 |  4.0
Stealth        | |  0.3

Action                     |  1- 3 |  4- 6 || total
---------------------------+-------+-------++-------
  Melee: Flail             |   157 |   100 ||   257
 Armour: Scale mail        |   134 |    58 ||   192
  Dodge: Dodged            |   108 |    53 ||   161
  Block: Buckler           |    59 |    25 ||    84

Table legend: (Time is in decaauts)
 A = Elapsed time spent in this place.
 B = Non-inter-level travel time spent in this place.
 C = Inter-level travel time spent in this place.
 D = Time resting spent in this place.
 E = Time spent auto-exploring this place.
 F = Levels seen in this place.
 G = Mean time per level.
                   A        B        C        D        E       F      G
               +--------+--------+--------+--------+--------+-----+--------+
         Total |   3126 |   2990 |    136 |      0 |   2454 |   4 |  781.5 |
       Dungeon |   3126 |   2990 |    136 |      0 |   2454 |   4 |  781.5 |
               +--------+--------+--------+--------+--------+-----+--------+

Top non-repeatable levels by time:
     D:3: 1032 daAuts
     D:1: 929 daAuts
     D:2: 738 daAuts
     D:4: 426 daAuts
